 Dungeon Crawl Stone Soup version 0.30-a0-21-g5d08c37080 (webtiles) character file.

Game seed: 13528971130861009838

5641 Plasmagod the Fighter (level 10, -8/72 HPs)
             Began as a Gargoyle Fighter on Aug 24, 2022.
             Was an Initiate of Gozag.
             Mangled by a yak (11 damage)
             ... on level 9 of the Dungeon.
             The game lasted 00:19:02 (10768 turns).

Plasmagod the Fighter (Gargoyle Fighter)           Turns: 10768, Time: 00:19:03

Health: -8/72      AC: 17    Str: 24    XL:     10   Next: 74%
Magic:  10/10      EV: 11    Int:  9    God:    Gozag
Gold:   1615       SH:  4    Dex:  9    Spells: 9/9 levels left

rFire   . . .      SeeInvis .    a - +1 morningstar (elec)
rCold   . . .      Faith    .    c - +0 buckler
rNeg    + . .      Spirit   .    v - +0 chain mail
rPois   ∞          Reflect  .    (no helmet)
rElec   +          Harm     .    (no cloak)
rCorr   .          Rampage  .    C - +0 pair of gloves
Will    +....                    (no boots)
Stlth   ..........               (no amulet)
HPRegen 0.22/turn                y - +4 ring of evasion
MPRegen 0.12/turn                w - ring of willpower

@: gold aura
A: sickness immunity, AC +7, negative energy resistance 1, electricity
resistance, torment resistance 1, petrification resistance
a: Renounce Religion, Potion Petition, Call Merchant, Bribe Branch


You were on level 9 of the Dungeon.
You worshipped Gozag.
Gozag was most pleased with you.
You visited 1 branch of the dungeon, and saw 9 of its levels.

You collected 1615 gold pieces.

Inventory:

Hand Weapons
 a - a +1 morningstar of electrocution (weapon)
Armour
 c - a +0 buckler (worn)
 v - a +0 chain mail (worn)
 C - a +0 pair of gloves (worn)
Jewellery
 j - a ring of positive energy
 p - an amulet of magic regeneration
 w - a ring of willpower (right hand)
 y - a +4 ring of evasion (left hand)
Wands
 q - a wand of polymorph (20)
 A - a wand of digging (5)
 E - a wand of quicksilver (10)
 G - a wand of roots (4)
Scrolls
 f - a scroll of amnesia
 k - a scroll of brand weapon
 m - 2 scrolls of identify
 n - a scroll of teleportation
 r - a scroll of enchant weapon
 s - a scroll of blinking
 t - a scroll of magic mapping
 u - a scroll of poison
 D - a scroll of silence {unknown}
 H - a scroll of enchant armour {unknown}
 I - a scroll of vulnerability {unknown}
Potions
 b - 2 potions of haste {unknown}
 d - a potion of might
 e - a potion of cancellation
 g - 7 potions of curing
 h - 2 potions of brilliance
 i - 4 potions of lignification {unknown}
 l - 4 potions of heal wounds {unknown}
 o - 2 potions of invisibility {unknown}
 x - a potion of berserk rage {unknown}
 z - a potion of mutation {unknown}
 B - 2 potions of attraction {unknown}
 F - 2 potions of magic {unknown}


   Skills:
 + Level 12.3 Fighting
 - Level 6.4(8.2) Axes
 + Level 8.5(9.7) Maces & Flails
 - Level 4.0 Armour
 - Level 3.9 Shields


You had 9 spell levels left.
You didn't know any spells.
Your spell library contained the following spells:

 Spells                   Type           Power      Damage    Failure   Level
 Static Discharge         Conj/Air       0%         3-3/arc   99%         2
 Gell's Gravitas          Tloc           0%         N/A       100%        3
 Lesser Beckoning         Tloc           0%         N/A       100%        3
 Teleport Other           Tloc           0%         N/A       100%        3
 Dispel Undead            Necr           0%         3d6       100%        4
 Sticky Flame             Conj/Fire      0%         2d3       100%        4
 Lightning Bolt           Conj/Air       0%         1d11      100%        5
 Maxwell's Capacitive Co  Air            0%         ∞         100%        8


Dungeon Overview and Level Annotations

Branches:
Dungeon (9/15)             Temple (0/1) D:5
   Lair: D:8-11         Orc: D:9-12

Altars:
Ashenzari
Elyvilon
Gozag
Hepliaklqana
Sif Muna
Xom

Annotations:
D:3 2 transporters, ksawer's ghost, weakling MiFi
D:4 3 runed translucent doors, Tinttamiau's ghost, amateur DgTm


Innate Abilities, Weirdness & Mutations

You are immune to sickness and miasma.
Your stone body is resilient. (AC +7)
You are immune to poison.
You resist negative energy. (rN+)
You are resistant to electric shocks. (rElec)
You are resistant to unholy torment.
You are immune to petrification.


Message History

You kill the kobold!
The yak is no longer distracted by gold.
The howler monkey hits you but does no damage.
The kobold is distracted by your dazzling golden aura.
The kobold shouts!
You impale the howler monkey!!
Lightning courses through the howler monkey!
You kill the howler monkey!
The yak gores you.
The yak is distracted by your dazzling golden aura.
You closely miss the yak.
The yak bellows!
The kobold is no longer distracted by gold.
The howler monkey barely misses you. The yak gores you!
* * * LOW HITPOINT WARNING * * *
The howler monkey is distracted by your dazzling golden aura.
The howler monkey howls!
You hit the yak.
The yak is lightly wounded.
The howler monkey is no longer distracted by gold.
You block the yak's attack. The howler monkey misses you.
You hit the yak but do no damage.
The yak is lightly wounded.
The howler monkey hits you but does no damage.
The yak gores you!
* * * LOW HITPOINT WARNING * * *
You sock the yak!
The yak is severely wounded.
The yak is no longer distracted by gold.
The howler monkey is distracted by your dazzling golden aura.
The yak gores you.
* * * LOW HITPOINT WARNING * * *
The howler monkey howls!
You puncture the yak!
The yak is almost dead.
The yak gores you.
* * * LOW HITPOINT WARNING * * *
The yak gores you!
You die...
Your body crumbles into a pile of gold.

##....##
##..........#
##.###
##............ ###
##.............
##..............
#............#..
#............#
##..........##
##..h......##
#.Y@$....###
####KY##.####
#.#...#### ##...##
##...#
########....##
#............##
..............##
#..#######.....###
##.


You could see 2 yaks, a howler monkey and a kobold.

Vanquished Creatures
  A two-headed ogre (D:7)
  Joseph (D:8)
  A kobold demonologist (D:9)
  Prince Ribbit (D:5)
  Grinder (D:6)
  A hornet (D:9)
  2 dream sheep (D:7)
  4 yaks (D:9)
  A steam dragon (D:7)
  Menkaure (D:5)
  Edmund (D:6)
  A water moccasin (D:6)
  2 black bears (D:6)
  4 ogres
  2 centaurs
  A phantom (D:5)
  2 kobold brigands
  A necrophage (D:8)
  A bullfrog (D:7)
  A gnoll sergeant (D:7)
  3 scorpions
  3 wights (D:8)
  3 killer bees (D:8)
  3 howler monkeys
  3 gnoll boudas
  3 jellies
  3 orc priests
  3 iguanas (D:5)
  4 orc wizards
  12 gnolls
  9 adders
  4 river rats (D:3)
  2 shadow imps
  2 white imps
  An ufetubus (D:6)
  4 worms
  3 dart slugs
  30 orcs
  9 ball pythons
  8 endoplasms
  3 giant cockroaches
  8 goblins
  4 hobgoblins
  18 kobolds
  3 quokkas
  8 bats
  5 frilled lizards
  9 rats
200 creatures vanquished.

Vanquished Creatures (others)
  6 plants (D:3)
6 creatures vanquished.

Grand Total: 206 creatures vanquished

Notes
Turn   | Place    | Note
-------+----------+-------------------------------------------
     0 | D:1      | Plasmagod the Gargoyle Fighter began the quest for the Orb.
     0 | D:1      | Reached XP level 1. HP: 14/14 MP: 1/1
    51 | D:1      | Reached XP level 2. HP: 12/19 MP: 2/2
   314 | D:1      | Found a faded altar of an unknown god.
   845 | D:1      | Prayed at the altar of an unknown god.
   845 | D:1      | Became a worshipper of Gozag Ym Sagoz the Greedy
   910 | D:2      | Reached XP level 3. HP: 17/23 MP: 3/3
  1620 | D:2      | Reached XP level 4. HP: 29/29 MP: 4/4
  2225 | D:3      | Reached skill level 4 in Fighting
  2607 | D:3      | Found a transporter.
  2851 | D:3      | Reached XP level 5. HP: 29/33 MP: 5/5
  3250 | D:3      | Identified the +5 sling of the Magic Mushroom {flame, rF+
                  | Dex-2 SInv}
  3342 | D:3      | Noticed ksawer's ghost (weakling MiFi)
  3361 | D:3      | Found a transporter.
  3776 | D:4      | Found a runed translucent gate.
  4279 | D:4      | Found a runed translucent gate.
  4279 | D:4      | Found a runed translucent gate.
  4280 | D:4      | Noticed Tinttamiau's ghost (amateur DgTm)
  4356 | D:4      | Noticed an ogre
  4438 | D:4      | Reached skill level 5 in Fighting
  4477 | D:4      | Killed an ogre
  4478 | D:4      | Reached XP level 6. HP: 15/40 MP: 6/6
  4784 | D:5      | Entered Level 5 of the Dungeon
  4881 | D:5      | Noticed Edmund
  5190 | D:5      | Found a staircase to the Ecumenical Temple.
  5202 | D:5      | Reached skill level 6 in Fighting
  5202 | D:5      | Reached XP level 7. HP: 38/46 MP: 7/7
  5291 | D:5      | Noticed Prince Ribbit
  5720 | D:6      | Reached skill level 5 in Axes
  6127 | D:6      | Reached skill level 7 in Fighting
  6265 | D:6      | Reached XP level 8. HP: 41/53 MP: 8/8
  6426 | D:6      | Noticed Grinder
  6439 | D:6      | Paralysed by Grinder for 4 turns
  6447 | D:6      | Paralysed by Grinder for 2 turns
  6451 | D:6      | Killed Grinder
  6452 | D:6      | Reached skill level 8 in Fighting
  6580 | D:6      | Found an opulent altar of Gozag.
  6686 | D:6      | Found a white marble altar of Elyvilon.
  6818 | D:7      | Reached skill level 1 in Maces & Flails
  7107 | D:7      | Noticed a dream sheep
  7107 | D:7      | Noticed a dream sheep
  7124 | D:7      | Killed a dream sheep
  7125 | D:7      | Reached skill level 9 in Fighting
  7125 | D:7      | Reached XP level 9. HP: 16/60 MP: 9/9
  7376 | D:5      | Noticed Menkaure
  7391 | D:6      | Killed Edmund
  8374 | D:5      | Reached skill level 10 in Fighting
  8374 | D:5      | Reached skill level 5 in Maces & Flails
  8376 | D:5      | Killed Menkaure
  8623 | D:5      | Killed Prince Ribbit
  9150 | D:5      | Found a shimmering altar of Xom.
  9152 | D:5      | Found a shimmering blue altar of Sif Muna.
  9154 | D:5      | Found a broken altar of Ashenzari.
  9154 | D:5      | Found a hazy altar of Hepliaklqana.
  9536 | D:8      | Noticed Joseph
  9540 | D:8      | Reached XP level 10. HP: 68/68 MP: 10/10
  9543 | D:8      | Reached skill level 11 in Fighting
  9553 | D:8      | Killed Joseph
  9831 | D:8      | Noticed a two-headed ogre
  9882 | D:7      | Killed a two-headed ogre
 10448 | D:9      | Noticed a kobold demonologist
 10449 | D:9      | Noticed a sun demon
 10679 | D:9      | Killed a kobold demonologist
 10680 | D:9      | Reached skill level 12 in Fighting
 10768 | D:9      | HP: 3/72 [yak (6)]
 10768 | D:9      | Mangled by a yak

Illustrated notes

Levels and vault maps discovered:
D:1:      eino_arrival_water_star, layout_loops_cross,
          chequers_ecumenical_altar_simple, minmay_split_cup_small
D:2:      layout_basic, minmay_octomino_c4
D:3:      layout_loops_corners, portal_sewer_entry_c,
          gammafunk_ghost_gnarly_gnolls, minmay_diced_spiral
D:4:      layout_cave_pools, gammafunk_ghost_necromancy
D:5:      layout_loops_ring, mainiacjoe_overflow_alcove_3,
          minmay_temple_entry_drinking_statues, serial_rivers,
          chequers_serial_rivers_room_a, chequers_serial_rivers_large_a,
          chequers_serial_rivers_micro_d, chequers_serial_rivers_room_a,
          uniq_edmund, uniq_menkaure, uniq_prince_ribbit1
D:6:      layout_basic, grunt_gozag_breadcrumbs, lemuel_round_altar,
          uniq_grinder
D:7:      layout_rooms, dreamdust_gnoll_shepherd
D:8:      layout_rooms, chequers_serial_rivers_micro_b, minmay_holes,
          uniq_joseph
D:9:      layout_cave_pods, orc_0_dummy, nicolae_shop_clearance

Skill      XL: |  1  2  3  4  5  6  7  8  9 10 |
---------------+-------------------------------+-----
Axes           | 2 3 4 5 6 |  6.4
Armour         | 4 |  4.0
Fighting       | 4 5 6 7 9 10 12 | 12.3
Maces & Flails | 3 6 8 |  8.5
Shields        | |  3.9

Action                   |  1- 3 |  4- 6 |  7- 9 | 10-12 || total
-------------------------+-------+-------+-------+-------++-------
Melee: War axe           |   119 |   198 |   124 |       ||   441
       Morningstar       |       |       |   153 |    85 ||   238
  Use: Scroll            |       |       |    13 |       ||    13
 Stab: Distracted        |       |     1 |       |       ||     1
Armor: Scale mail        |    65 |   107 |   169 |       ||   341
       Chain mail        |       |       |       |    32 ||    32
Dodge: Dodged            |    58 |   106 |   133 |    51 ||   348
Block: Buckler           |    17 |    42 |    67 |    21 ||   147

Table legend: (Time is in decaauts)
 A = Elapsed time spent in this place.
 B = Non-inter-level travel time spent in this place.
 C = Inter-level travel time spent in this place.
 D = Time resting spent in this place.
 E = Time spent auto-exploring this place.
 F = Levels seen in this place.
 G = Mean time per level.
                   A        B        C        D        E       F      G
               +--------+--------+--------+--------+--------+-----+--------+
         Total |  10988 |  10674 |    314 |   2439 |   6201 |   9 | 1220.9 |
       Dungeon |  10988 |  10674 |    314 |   2439 |   6201 |   9 | 1220.9 |
               +--------+--------+--------+--------+--------+-----+--------+

Top non-repeatable levels by time:
     D:6: 2067 daAuts
     D:5: 1412 daAuts
     D:2: 1376 daAuts
     D:4: 1361 daAuts
     D:3: 1338 daAuts
     D:7: 1187 daAuts
     D:1: 1142 daAuts
     D:8: 898 daAuts
     D:9: 202 daAuts
